 Dungeon Crawl Stone Soup version 0.30.0-29-ga12c61a403 (webtiles) character file.

Game seed: 12275460661882400636

15372 Sabo the Spear-Bearer (level 12, 0/92 HPs)
             Began as a Demonspawn Monk on June 20, 2023.
             Was a High Priest of Qazlal.
             Slain by an orc warrior
             ... wielding a +0 scimitar of holy wrath
              (3 damage)
             ... on level 1 of the Orcish Mines.
             The game lasted 01:08:17 (11641 turns).

Sabo the Spear-Bearer (Demonspawn Monk)            Turns: 11641, Time: 01:08:21

Health: 0/92       AC: 39    Str: 16    XL:     12   Next: 0%
Magic:  0/12       EV: 10    Int: 12    God:    Qazlal [*****.]
Gold:   424        SH: 17    Dex: 16    Spells: 11/11 levels left

rFire   . . .        I - +5 trident (protect)
rCold   + . .        d - orb {light}
rNeg    . . .        R - +2 chain mail {rC+}
rPois   .            k - +2 hat
rElec   .            C - +1 cloak {Will+}
rCorr   .            g - +2 pair of gloves
SInv    .            H - +0 pair of boots
Will    +....        (no amulet) Stlth
                     h - +4 ring of protection
HPRegen 0.35/turn    p - +4 ring of slaying
MPRegen 0.26/turn

%: repel missiles, guardian spirit
@: mighty, protected from physical damage, under a protective aura, glowing,
studying Unarmed Combat
A: horns 2, large bone plates 2, icemail 1, magic shield, magic regeneration,
condensation shield
a: Renounce Religion, Upheaval, Elemental Force, Disaster Area


You were on level 1 of the Orcish Mines.
You worshipped Qazlal.
Qazlal was extremely pleased with you.
You visited 3 branches of the dungeon, and saw 12 of its levels.
You also visited: Ossuary.

You collected 611 gold pieces.
You spent 187 gold pieces at shops.

Inventory:

Hand Weapons
 c - a +4 great sword
 j - a +2 war axe
 l - the +2 whip of Gol Nago {antimagic, rCorr}
   (You found it on level 2 of the Dungeon)

   rCorr:     It protects you from acid and corrosion.
 y - a +3 spear of freezing
 I - a +5 trident of protection (weapon)
 J - a +0 arbalest
 O - a +2 war axe
Missiles
 n - 6 javelins (quivered)
 t - 15 poisoned darts
Armour
 d - an orb of light (worn)
 g - a +2 pair of gloves (worn)
 k - a +2 hat (worn)
 C - a +1 cloak of willpower (worn)
 H - a +0 pair of boots (worn)
 Q - +0 fire dragon scales
 R - a +2 chain mail of cold resistance (worn)
Jewellery
 h - a +4 ring of protection (left hand)
 p - a +4 ring of slaying (right hand)
 r - a ring of poison resistance
 s - a ring of fire
 w - a ring of ice
 F - a +6 ring of strength
Wands
 e - a wand of polymorph (11)
 D - a wand of digging (9)
 N - a wand of roots (8)
Scrolls
 u - 2 scrolls of blinking
 x - 3 scrolls of teleportation
 A - a scroll of fog
Potions
 b - a potion of flight {unknown}
 f - a potion of resistance {unknown}
 o - 2 potions of haste
 q - 2 potions of might
 v - 3 potions of heal wounds {unknown}
 B - 3 potions of curing {unknown}
 E - 4 potions of cancellation
 G - 2 potions of lignification {unknown}
 L - 2 potions of mutation {unknown}


   Skills:
 + Level 8.1 Fighting
 + Level 0.5 Short Blades
 + Level 3.2(8.1) Axes
 + Level 7.5(7.9) Maces & Flails
 + Level 8.8(9.1) Polearms
 + Level 6.5 Armour
 + Level 5.5 Dodging
 + Level 1.1 Stealth
 + Level 8.3 Shields


You had 11 spell levels left.
You didn't know any spells.
Your spell library contained the following spells:

 Spells                   Type           Power      Damage    Failure   Level
 Freeze                   Ice            0%         1d3       97%         1
 Summon Small Mammal      Summ           0%         N/A       97%         1
 Call Canine Familiar     Summ           0%         N/A       100%        3
 Frozen Ramparts          Ice            0%         1d1       100%        3
 Hailstorm                Conj/Ice       0%         3d3       100%        3
 Summon Guardian Golem    Hex/Summ       0%         N/A       100%        3


Dungeon Overview and Level Annotations

Branches:
Dungeon (9/15)             Temple (1/1) D:5            Lair (0/5) D:8
    Orc (2/2) D:9         Ossuary (visited)
    Elf: Orc:2

Altars:
Ashenzari
Cheibriados
Dithmenos
Fedhas
Gozag
Hepliaklqana
Kikubaaqudgha
Makhleb
Nemelex Xobeh
Okawaru
Qazlal
Ru
Sif Muna
Trog
Uskayaw
Vehumet
Wu Jian
Xom
Yredelemnul

Shops:
D:4 [:?*?   D:6 *   Orc:1 *


Innate Abilities, Weirdness & Mutations

You have a pair of horns on your head.
You are mostly covered in large bone plates. (SH +6)
A meltable icy envelope protects you from harm. (AC +4)
When hurt, damage is shared between your health and your magic reserves.
You regenerate magic rapidly.
A meltable shield of frost defends you. (SH +4)


Message History

You kill the orc warrior!
Qazlal accepts your kill. You block the orc priest's attack.
You block the orc wizard's attack.
The orc warrior hits you but does no damage.
The orc warlord barely misses you.
You puncture the orc warlord! You headbutt the orc warlord.
The orc warlord is severely wounded.
You impale the orc warlord!! You headbutt the orc warlord.
The orc warlord is almost dead.
You block the orc wizard's attack. You block the orc warrior's attack.
You block the orc priest's attack.
The orc warlord hits you but does no damage.
Unknown command.
You puncture the orc warlord!
You kill the orc warlord!
Qazlal accepts your kill.
Your protection from physical attacks is fading.
The orc priest no longer looks unusually strong.
You block the orc wizard's attack. You block the orc warrior's attack.
The orc priest hits you but does no damage.
You have reached level 12!
You feel agile.
You puncture the orc priest!
You kill the orc priest!
Qazlal accepts your kill. You block the orc wizard's attack.
You block the orc warrior's attack.
You puncture the orc wizard!
You kill the orc wizard!
Qazlal accepts your kill.
The orc warrior hits you but does no damage.
Unknown command.
You puncture the orc warrior!
The orc warrior is moderately wounded.
You puncture the orc warrior!
The orc warrior is heavily wounded.
The orc warrior hits you with a +0 scimitar of holy wrath!
* * * LOW HITPOINT WARNING * * *
You feel more protected from physical attacks.
You convulse.
You die...

### ##### #.### ##...#
##.#.### ##..####
#......###......#
##.......##....°#####
.#..#.....#...°o)§§.##
....#........#.°@)...##
....##......⌠.○[[)°...#
.######......∩§§.°....#
....#.......⌠.⌠##8.8###
...##.[[.......##...#
....#<[#......###8.8###
...)))####...##≈≈..[≈≈##
##....##
##.##≈≈~8[8~≈≈## #>....#
###≈≈≈~#'#~≈≈≈#


You could see an orc warrior (strong).

Vanquished Creatures
  An orc warlord (Orc:1)
  A centaur warrior (D:8)
  2 orc knights (Orc:1)
  A deep elf pyromancer (D:8)
  An orc sorcerer (Orc:2)
  A komodo dragon (D:8)
  2 trolls
  2 hornets
  Sigmund (D:5)
  29 yaks
  A steam dragon (D:8)
  Menkaure (D:7)
  2 wargs (Orc:1)
  Edmund (D:5)
  2 water moccasins
  A black bear (D:4)
  2 sky beasts (D:8)
  An ice beast (D:7)
  14 orc warriors
  3 ogres
  2 centaurs
  2 phantoms
  2 kobold brigands
  An elf zombie (Ossuary)
  Blork the orc (D:6)
  2 scorpions
  3 bullfrogs (D:7)
  3 gnoll sergeants
  14 wights
  14 killer bees
  2 howler monkeys (D:8)
  A human zombie (Ossuary)
  4 hounds
  11 orc priests
  A gnoll bouda (D:7)
  4 sleepcaps
  5 iguanas
  16 orc wizards
  4 mummies (Ossuary)
  20 gnolls
  4 adders
  6 shadow imps (D:7)
  5 white imps
  2 worms
  3 dart slugs
  55 orcs
  9 endoplasms
  A giant cockroach (D:2)
  A gnoll zombie (Ossuary)
  6 hobgoblins
  5 jackals
  3 quokkas
  10 ball pythons
  2 bats (D:1)
  3 frilled lizards
  9 goblins
  A goblin zombie (Ossuary)
  2 jackal zombies (Ossuary)
  15 kobolds
  2 kobold zombies (Ossuary)
  3 orc zombies (Ossuary)
  3 rats
  A rat zombie (Ossuary)
332 creatures vanquished.

Notes
Turn   | Place    | Note
-------+----------+-------------------------------------------
     0 | D:1      | Sabo the Demonspawn Monk began the quest for the Orb.
     0 | D:1      | Reached XP level 1. HP: 18/18 MP: 1/1
   282 | D:1      | Gained mutation: You have a pair of small horns on your
                  | head. [demonic ancestry]
   282 | D:1      | Reached XP level 2. HP: 23/24 MP: 2/2
   792 | D:2      | Gained mutation: A meltable shield of frost defends you.
                  | (SH +4) [demonic ancestry]
   792 | D:2      | Reached XP level 3. HP: 27/29 MP: 3/3
   865 | D:2      | Identified the +2 whip of Gol Nago {antimagic, rCorr}
  1692 | D:3      | Found a hide-covered altar of Uskayaw.
  1695 | D:3      | Noticed a +0 hand axe
  1696 | D:3      | Noticed a +0 dagger
  1849 | D:3      | Gained mutation: You regenerate magic rapidly. [demonic
                  | ancestry]
  1849 | D:3      | Reached XP level 4. HP: 37/37 MP: 1/4
  2437 | D:4      | Noticed a black bear
  2450 | D:4      | Killed a black bear
  2451 | D:4      | Reached skill level 1 in Maces & Flails
  2451 | D:4      | Reached skill level 1 in Armour
  2451 | D:4      | Gained mutation: You have a pair of horns on your head.
                  | [demonic ancestry]
  2451 | D:4      | Reached XP level 5. HP: 29/42 MP: 1/5
  2511 | D:4      | Found Geijysh's Magic Scroll Emporium.
  2578 | D:4      | Gained mutation: You are partially covered in large bone
                  | plates. (SH +4) [demonic ancestry]
  2578 | D:4      | Reached XP level 6. HP: 24/48 MP: 2/6
  2878 | D:4      | Found Ilanekk's Book Shoppe.
  2918 | D:4      | Reached skill level 1 in Shields
  2961 | D:4      | Found Piolob's Antique Armour Boutique.
  3066 | D:4      | Found Ytucsih's Magic Scroll Boutique.
  3106 | D:4      | Found Atelacw's Assorted Antiques.
  3222 | D:4      | You fall into a shaft and drop 1 floor!
  3222 | D:5      | Entered Level 5 of the Dungeon
  3348 | D:5      | Noticed Sigmund
  3358 | D:5      | Killed Sigmund
  3359 | D:5      | Gained mutation: When hurt, damage is shared between your
                  | health and your magic reserves. [demonic ancestry]
  3359 | D:5      | Reached XP level 7. HP: 48/55 MP: 2/7
  3909 | D:5      | Found a staircase to the Ecumenical Temple.
  3920 | Temple   | Entered the Ecumenical Temple
  4260 | Temple   | Became a worshipper of Qazlal Stormbringer
  4260 | Temple   | Reached * piety under Qazlal
  4260 | Temple   | Reached ** piety under Qazlal
  4865 | D:5      | Noticed Edmund
  4880 | D:5      | Killed Edmund
  4881 | D:5      | Gained mutation: You are mostly covered in large bone
                  | plates. (SH +6) [demonic ancestry]
  4881 | D:5      | Reached XP level 8. HP: 61/61 MP: 2/8
  5193 | D:4      | Bought an embroidered cloak for 187 gold pieces
  5319 | D:6      | Found a sparkling altar of Nemelex Xobeh.
  5351 | D:6      | Reached skill level 5 in Maces & Flails
  5486 | D:6      | Found Ceelar's CLEARANCE SALE!.
  5573 | D:6      | Reached skill level 5 in Fighting
  5613 | D:6      | Noticed Blork the orc
  5623 | D:6      | Killed Blork the orc
  6122 | D:7      | Reached skill level 1 in Stealth
  6242 | D:7      | Found a sand-covered staircase.
  6248 | Ossuary  | Entered an ossuary
  6671 | D:7      | Reached *** piety under Qazlal
  6672 | D:7      | Reached XP level 9. HP: 68/68 MP: 3/9
  7022 | D:7      | Noticed Menkaure
  7036 | D:7      | Killed Menkaure
  7722 | D:8      | Noticed a deep elf pyromancer
  7724 | D:8      | Noticed a centaur warrior
  7949 | D:8      | Reached skill level 1 in Polearms
  7953 | D:8      | Reached skill level 5 in Armour
  7965 | D:8      | Reached skill level 5 in Shields
  8180 | D:8      | Killed a centaur warrior
  8181 | D:8      | Gained mutation: A meltable icy envelope protects you from
                  | harm. (AC +4) [demonic ancestry]
  8181 | D:8      | Reached XP level 10. HP: 59/77 MP: 7/10
  8377 | D:8      | Killed a deep elf pyromancer
  8389 | D:8      | Reached skill level 5 in Polearms
  8427 | D:8      | Reached **** piety under Qazlal
  8444 | D:8      | Reached skill level 5 in Dodging
  8597 | D:8      | Found a staircase to the Lair.
  9420 | D:9      | Reached XP level 11. HP: 74/84 MP: 11/11
  9846 | D:9      | Reached ***** piety under Qazlal
 10026 | D:9      | Found a staircase to the Orcish Mines.
 10774 | Orc:1    | Entered Level 1 of the Orcish Mines
 10776 | Orc:1    | Noticed an orc knight
 10780 | Orc:1    | Found Wudar's Assorted Antiques.
 10787 | Orc:1    | Killed an orc knight
 10921 | Orc:1    | Found a shimmering blue altar of Sif Muna.
 10976 | Orc:2    | Entered Level 2 of the Orcish Mines
 10976 | Orc:2    | Noticed an orc knight
 10989 | Orc:1    | Killed an orc knight
 11327 | Orc:2    | Noticed an orc sorcerer
 11418 | Orc:2    | Noticed an orc warlord
 11616 | Orc:2    | Noticed a soul eater
 11626 | Orc:2    | Killed an orc sorcerer
 11637 | Orc:1    | Killed an orc warlord
 11638 | Orc:1    | Reached XP level 12. HP: 10/92 MP: 3/12
 11641 | Orc:1    | HP: 3/92 [orc warrior/+0 scimitar of holy wrath (8)]
 11641 | Orc:1    | Slain by an orc warrior

Illustrated notes

Levels and vault maps discovered:
D:1:      dpeg_arrival_arbitrary_b, layout_rooms
D:2:      layout_basic, grunt_ministairs_12, hangedman_decor_points,
          minmay_misc_feat_enclosed, corexii_item_surrounded_by_moat
D:3:      layout_rooms, dancing_weapons_uskayaw,
          chequers_ecumenical_altar_twisty, nrook_campfire, amethyst_killhole,
          grunt_ministairs_2, chequers_big_river, chequers_jeans,
          minmay_misc_feat_rugged
D:4:      layout_loops_ring, serial_shops, nicolae_square_shop,
          nicolae_shop_crystal, nicolae_shop_back_alley_shop,
          nicolae_shop_temple_entry_statues_fountains, shop_statue,
          grunt_ministairs_9
D:5:      layout_basic, minmay_temple_entry_antechambers,
          lightli_corner_chamber, uniq_edmund, uniq_sigmund
D:6:      minmay_spotlight, layout_rooms, nemelex_diamond_rough_becter,
          nicolae_shop_clearance, uniq_blork_the_orc
D:7:      layout_basic, nicolae_ossuary_entry_false_entrances, serial_demonic,
          serial_demonic_b, serial_demonic_g, serial_demonic_f,
          serial_demonic_a, uniq_menkaure
D:8:      layout_loops_cross, david_lair_shrubbed, minmay_misc_feat_nine_boxes,
          small_statue_intersection, st_stairs_8, minmay_manual_monolith
D:9:      layout_basic, erik_orc_3
Temple:   mainiacjoe_temple_big_plus
Orc:1:    layout_diamond_mine, serial_shops, nicolae_diamond_shop,
          shop_fountains, kennysheep_orc_sif_temple
Orc:2:    grunt_orc_community_town_hall, layout_caves,
          grunt_orc_community_big_house_1, grunt_orc_community_big_house_2,
          grunt_orc_community_house_2, grunt_orc_community_house_2,
          grunt_orc_community_house_2, grunt_orc_community_house_1,
          serial_shops, statue_bzr, gauntlet_entry_generic

Skill      XL: |  1  2  3  4  5  6  7  8  9 10 11 |
---------------+----------------------------------+-----
Axes           | 3 |  3.2
Dodging        | 3 4 5 |  5.5
Fighting       | 4 5 6 7 8 |  8.1
Maces & Flails | 1 2 3 4 6 7 |  7.5
Armour         | 1 2 3 4 5 6 |  6.5
Shields        | 1 2 3 5 6 8 |  8.3
Stealth        | 1 |  1.1
Polearms       | 3 6 8 |  8.8
Short Blades   | |  0.5

Action                     |  1- 3 |  4- 6 |  7- 9 | 10-12 || total
---------------------------+-------+-------+-------+-------++-------
  Melee: Short sword       |    73 |       |       |       ||    73
         Hand axe          |     4 |       |       |       ||     4
         Headbutt          |    19 |    34 |    90 |   105 ||   248
         Whip              |    30 |   117 |   270 |       ||   417
         Trident           |       |       |    74 |   391 ||   465
    Use: Scroll            |       |       |    14 |     3 ||    17
         Potion            |       |       |       |     1 ||     1
 Armour: Robe              |    10 |       |       |       ||    10
         Leather armour    |    20 |       |       |       ||    20
         Ring mail         |     9 |    53 |       |       ||    62
         Scale mail        |       |    11 |    12 |       ||    23
         Chain mail        |       |       |   108 |   181 ||   289
         Fire dragon scale |       |       |       |    42 ||    42
  Dodge: Dodged            |    59 |    78 |    90 |   181 ||   408
         Repelled          |       |       |       |     1 ||     1
  Block: Orb               |     7 |    32 |   213 |   441 ||   693
